[Event "Early-Titled-Tuesday-Blitz-February-13-2024"]
[Site "Chess.com"]
[Date "2024.02.13"]
[Round "10"]
[White "monkins"]
[Black "igorknyazev"]
[Result "1-0"]
[WhiteElo "2359"]
[BlackElo "2197"]
[TimeControl "180+1"]
[EndTime "10:01:25 PST"]
[Termination "monkins won on time"]

1. Nf3 Nf6 2. c4 d6 3. g3 e5 4. Nc3 Nc6 5. Bg2 Bg4 6. h3 Be6 7. d3 Qd7 8. Rb1 a5 9. a3 Be7 10. b4 axb4 11. axb4 O-O 12. Ng5 Bf5 13. g4 Bg6 14. b5 Nd8 15. Nf3 c6 16. O-O e4 17.
Nh4 exd3 18. Nxg6 hxg6 19. exd3 d5 20. bxc6 bxc6 21. g5 Nh7 22. cxd5 Nxg5 23. Qg4 Qxg4 24. hxg4 Rc8 25. dxc6 Nxc6 26. Nd5 Bf6 27. Rb6 Nd4 28. Be3 Ngf3+ 29. Bxf3 Nxf3+ 30. Kg2 Ne5 31. Nxf6+ gxf6 32. Rxf6 Nxg4 33. Rd6 Rc3 34. Bd2 Rc2 35. Rd1 Re8 36. Kf3 Ne5+ 37. Kf4 g5+ 38. Kf5 Nf3 39. Bxg5 Rc5+ 40.
Kf4 Nxg5 41. Rg1 f6 42. Rxf6 Kg7 43. Rxg5+ Rxg5 44. Kxg5 Re5+ 45. Rf5 Re2 46. d4 Rd2 47. d5 Rd3 48. f3 Rd4 49. Re5 Kf7 50. f4 Rd1 51.
Kf5 Rd2 52. Ke4 Rd1 53. Rh5 Kf6 54. Rh6+ Ke7 55. d6+ Kd7 56. f5 Rxd6 57. Rh7+ Ke8 58. Ke5 Ra6 59. Kf4 Kf8 60. Kg5 Kg8 61. Rc7 Kf8 62.
Rc8+ Kf7 63. Rc2 Kf8 64. Rh2 Kf7 65. Rh7+ Kf8 66. Rc7 Kg8 67. f6 Ra1 68. Rc8+ Kf7 69. Rc7+ Kf8 70. Kf5 Rf1+ 71. Ke6 Re1+ 72. Kd6 1-0

[Event "Early-Titled-Tuesday-Blitz-February-13-2024"]
[Site "Chess.com"]
[Date "2024.02.13"]
[Round "10"]
[White "NewYearGirl"]
[Black "zverr1"]
[Result "0-1"]
[WhiteElo "2401"]
[BlackElo "2560"]
[TimeControl "180+1"]
[EndTime "10:01:44 PST"]
[Termination "zverr1 won by resignation"]

1. e4 c5 2. Nf3 Nc6 3. d4 cxd4 4. Nxd4 g6 5. c3 Bg7 6. Be3 d5 7. Bb5 Qd6 8. exd5 Qxd5 9. Nxc6 Qxd1+ 10. Kxd1 a6 11. Nxe7+ axb5 12. Nd5 Ra4 13. Nc7+ Kd8 14. Nxb5 Be6 15. N1a3 Ne7 16. Bb6+ Kc8 17. Kc2 Nd5 18. Bd4 Bxd4 19. Nxd4 Kd7 20. Rad1 Rc8 21. Nxe6 fxe6 22.
Rhe1 Ra6 23. Rd4 Rd6 24. Nc4 Nb4+ 25. Kb3 Rxd4 26. cxd4 Nd5 27. Re5 Rf8 28. f3 Rf4 29. Re4 Rf8 30. Rh4 h5 31. Re4 Rg8 32. Ne5+ Kd6 33. Re1 g5 34. h3 h4 35. Rc1 Nf4 36.
Rc2 Rf8 37. Nc4+ Kd7 38. Nb6+ Kd6 39. a4 Rd8 40. a5 Rf8 41. Ka4 Rf5 42. b4 Rf7 43. b5 Nd3 44. a6 bxa6 45. bxa6 Ra7 46. Ka5 Rxa6+ 47. Kb5 Ra1 48. Nc8+ Kd7 49. Nb6+ Kd6 50.
Rc3 Nf4 51. Nc4+ Ke7 52. Ne3 Rb1+ 53. Kc4 Ne2 54. Ra3 Rc1+ 55. Kd3 Nf4+ 56. Ke4 Re1 57.
Ra7+ Kf6 58. Ra6 Nd5 59. Ra3 Ke7 60. Rb3 Kd6 61. Rd3 Kc6 62. Rb3 Kc7 63. Ke5 Nxe3 64. Kf6 Nxg2 65. Kxg5 Kd6 66. Kg4 Kd5 67. Rb4 Ne3+ 68.
Kxh4 Nf5+ 69. Kg5 Nxd4 70. h4 Rg1+ 71. Kf4 Rh1 72. Kg3 Nf5+ 73. Kg2 Rxh4 74. Rb5+ Kd4 75. Rb8 Ke5 76. Re8 Rd4 77. Ra8 Rd6 78. Ra5+ Kf4 79.
Ra4+ Rd4 80. Ra6 Rd2+ 81. Kh3 Re2 82. Ra3 Re3 83. Ra4+ Kxf3 84. Kh2 e5 85. Kh1 Nd4 86.
Kh2 Rd3 87. Kh3 e4 88. Kh2 e3 89. Ra8 e2 90. Rf8+ Ke3 0-1

[Event "Early-Titled-Tuesday-Blitz-February-13-2024"]
[Site "Chess.com"]
[Date "2024.02.13"]
[Round "10"]
[White "crazy_m_attack"]
[Black "IMRosen"]
[Result "1/2-1/2"]
[WhiteElo "2481"]
[BlackElo "2651"]
[TimeControl "180+1"]
[EndTime "10:02:17 PST"]
[Termination "Game drawn - insufficient material"]

1. e4 c5 2. Nf3 Nc6 3. d4 cxd4 4. Nxd4 g6 5. c4 Nf6 6. Nc3 Nxd4 7. Qxd4 d6 8. Be2 Bg7 9. Be3 O-O 10. Qd3 Be6 11. O-O a5 12. b3 a4 13. Nxa4 Nd7 14. Rad1 f5 15. exf5 Bxf5 16. Qd5+ Kh8 17. Qd2 Nf6 18. Bh6 Bxh6 19. Qxh6 Qa5 20. Qe3 Bd7 21. Nb6 Rae8 22.
Nxd7 Nxd7 23. Bf3 Qxa2 24. Bxb7 Rb8 25. Bd5 Ne5 26. c5 Qa7 27. Rfe1 Rb4 28. cxd6 Qxe3 29. Rxe3 exd6 30. h3 Kg7 31. f3 Rc8 32. Be4 Rb6 33.
f4 Nf7 34. Red3 Rc2 35. Bd5 Nh6 36. Be6 Rcc6 37. Bc4 Rb4 38. g4 Nf7 39. Bxf7 Kxf7 40. Rxd6 Rxd6 41. Rxd6 Rxb3 42. Kg2 Rc3 43. Rd2 Kf6 44.
Rf2 Rb3 45. Rf3 Rb1 46. Kg3 Rg1+ 47. Kh2 Rd1 48. Rc3 Rd2+ 49. Kg3 Rd6 50. Kf3 Rb6 51. Re3 Ra6 52. Rd3 Rc6 53. Ke4 Re6+ 54. Kf3 Ra6 55. g5+ Ke6 56. Kg4 Ra7 57. Re3+ Kf7 58. h4 Ra1 59. Rg3 Rf1 60. h5 Rh1 61. hxg6+ hxg6 62. Rc3 Rg1+ 63. Kf3 Rf1+ 64. Ke4 Re1+ 65. Re3 Rd1 66.
Ke5 Rd8 67. Rc3 Re8+ 68. Kd4 Rd8+ 69. Ke3 Re8+ 70. Kf3 Re7 71. Kg4 Ra7 72. Re3 Rc7 73.
Re4 Rd7 74. f5 gxf5+ 75. Kxf5 Rd5+ 76. Re5 Rd1 77. g6+ Kg8 78. Re8+ Kg7 79. Re7+ Kg8 80. Ra7 Rg1 81. Kf6 Rf1+ 82. Kg5 Rg1+ 83. Kh6 Rh1+ 84.
Kg5 Kh8 85. Ra8+ Kg7 86. Ra7+ Kg8 87. Ra8+ Kg7 88. Ra7+ Kf8 89. Rb7 Rh2 90. Kf6 Rf2+ 91. Kg5 Rg2+ 92. Kf6 Rf2+ 93. Kg5 Kg8 94. Rb8+ Kg7 95.
Rb7+ Kg8 96. Rb8+ Kg7 97. Rb7+ Kh8 98. g7+ Kh7 99. Ra7 Rf1 100. Rb7 Ra1 101. Rc7 Rb1 102. Rd7 Rb5+ 103. Kf6 Rb1 104. Kf7 Rf1+ 105. Ke8 Kg8 106. Kd8 Ra1 107. Re7 Ra8+ 108. Kd7 Ra7+ 109. Ke6 Ra6+ 110. Kd7 Rb6 111. Ke8 Rd6 112. Rd7 Re6+ 113. Kd8 Rf6 114. Re7 Rg6 115. Ke8 Rxg7 116. Rxg7+ Kxg7 1/2-1/2

[Event "Early-Titled-Tuesday-Blitz-February-13-2024"]
[Site "Chess.com"]
[Date "2024.02.13"]
[Round "11"]
[White "InitiatingASC"]
[Black "Felix-Rose"]
[Result "1-0"]
[WhiteElo "2386"]
[BlackElo "2229"]
[TimeControl "180+1"]
[EndTime "10:03:54 PST"]
[Termination "InitiatingASC won by resignation"]

1. Nf3 d5 2. b3 Nf6 3. Bb2 e6 4.
e3 Be7 5. c4 O-O 6. cxd5 exd5 7.
Be2 c6 8. O-O Bf5 9. d3 h6 10.
a3 Re8 11. Nbd2 Bf8 12. Rc1 Nbd7 13. Re1 Nc5 14. Qc2 Qb6 15. Bd4 Qb5 16. Bxc5 1-0

[Event "Early-Titled-Tuesday-Blitz-February-13-2024"]
[Site "Chess.com"]
[Date "2024.02.13"]
[Round "11"]
[White "traviscottofficial"]
[Black "rhungaski"]
[Result "1-0"]
[WhiteElo "2682"]
[BlackElo "2516"]
[TimeControl "180+1"]
[EndTime "10:04:21 PST"]
[Termination "traviscottofficial won by resignation"]

1. d4 g6 2. Nf3 Bg7 3. c4 d6 4. Nc3 Nf6 5. g3 O-O 6. Bg2 Nc6 7. O-O e5 8. dxe5 Nxe5 9. Nxe5 dxe5 10. Qxd8 Rxd8 11.
Bg5 Rd7 12. Rad1 h6 13. Bxf6 Bxf6 14. Bxb7 Rxd1 15. Bxa8 Rd2 16. Ne4 1-0

[Event "Early-Titled-Tuesday-Blitz-February-13-2024"]
[Site "Chess.com"]
[Date "2024.02.13"]
[Round "11"]
[White "Balla_Tamas"]
[Black "Louis-Paulsen-Fan"]
[Result "0-1"]
[WhiteElo "2393"]
[BlackElo "2291"]
[TimeControl "180+1"]
[EndTime "10:04:30 PST"]
[Termination "Louis-Paulsen-Fan won by resignation"]

1. e4 Nf6 2. e5 Nd5 3. c4 Nb6 4. d4 d6 5. f4 dxe5 6. fxe5 c5 7. d5 e6 8. d6 Qh4+ 9. g3 Qe4+ 10. Kf2 Qxh1 11. Nf3 Nc6 12. Qc2 Qxf3+ 0-1

[Event "Early-Titled-Tuesday-Blitz-February-13-2024"]
[Site "Chess.com"]
[Date "2024.02.13"]
[Round "11"]
[White "valorant64"]
[Black "BardArtem"]
[Result "0-1"]
[WhiteElo "2621"]
[BlackElo "2771"]
[TimeControl "180+1"]
[EndTime "10:04:45 PST"]
[Termination "BardArtem won by resignation"]

1. Nf3 d5 2. c4 e6 3. e3 Nf6 4. b3 c6 5. Bb2 Nbd7 6. Be2 Bd6 7. O-O e5 8. d4 e4 9. Nfd2 h5 10. f4 exf3 11. Bxf3 Ng4 12. h3 Qh4 13. cxd5 Qg3 14. Re1 Ndf6 15. Nf1 Qf2+ 16. Kh1 Qxb2 17. Nbd2 Nf2+ 0-1

[Event "Early-Titled-Tuesday-Blitz-February-13-2024"]
[Site "Chess.com"]
[Date "2024.02.13"]
[Round "11"]
[White "zverr1"]
[Black "omer1997"]
[Result "1-0"]
[WhiteElo "2566"]
[BlackElo "2438"]
[TimeControl "180+1"]
[EndTime "10:05:12 PST"]
[Termination "zverr1 won by resignation"]

1. e4 e5 2. Nf3 Nc6 3. Bc4 Bc5 4. O-O Nf6 5. d4 exd4 6. e5 d5 7. exf6 dxc4 8. fxg7 Rg8 9. Re1+ Be6 10. Bg5 Qd5 11. Nc3 Qf5 12. Ne4 Bb6 13. Nf6+ Kd8 14. Nxg8+ Kc8 15. Nh6 1-0

[Event "Early-Titled-Tuesday-Blitz-February-13-2024"]
[Site "Chess.com"]
[Date "2024.02.13"]
[Round "11"]
[White "David_George21"]
[Black "NewYearGirl"]
[Result "1-0"]
[WhiteElo "2282"]
[BlackElo "2390"]
[TimeControl "180+1"]
[EndTime "10:05:24 PST"]
[Termination "David_George21 won by resignation"]

1. e4 c5 2. Nf3 d6 3. d4 cxd4 4. Nxd4 Nf6 5. Nc3 g6 6. Be3 Bg7 7. f3 O-O 8. Qd2 Nc6 9. g4 Be6 10. h4 Nxd4 11. Bxd4 Qa5 12. h5 d5 13. hxg6 dxe4 14.
g5 e3 15. Qh2 Qxg5 16. Bxf6 Qxg6 17. Bxg7 Kxg7 18. Rg1 1-0

[Event "Early-Titled-Tuesday-Blitz-February-13-2024"]
[Site "Chess.com"]
[Date "2024.02.13"]
[Round "11"]
[White "Dinamo3"]
[Black "CFalcons8"]
[Result "1-0"]
[WhiteElo "2535"]
[BlackElo "2391"]
[TimeControl "180+1"]
[EndTime "10:05:27 PST"]
[Termination "Dinamo3 won by resignation"]

1. c4 e5 2. g3 Nf6 3. Bg2 Bc5 4.
Nc3 d6 5. e3 O-O 6. Nge2 Bf5 7.
h3 Bg6 8. O-O c6 9. d4 exd4 10.
exd4 Bb6 11. Be3 d5 12. cxd5 Nxd5 13. Nxd5 cxd5 14. Nf4 Be4 15. Qg4 Bxg2 16. Kxg2 Nc6 17. Nh5 g6 18. Bg5 Qc8 19. Nf6+ Kg7 20. Qh4 h5 21.
Nxh5+ gxh5 22. Bf6+ 1-0

[Event "Early-Titled-Tuesday-Blitz-February-13-2024"]
[Site "Chess.com"]
[Date "2024.02.13"]
[Round "11"]
[White "Schachmalanders"]
[Black "Alexchess1984"]
[Result "0-1"]
[WhiteElo "2457"]
[BlackElo "2621"]
[TimeControl "180+1"]
[EndTime "10:05:45 PST"]
[Termination "Alexchess1984 won by resignation"]

1. e4 c5 2. Nc3 g6 3. g3 Bg7 4. Bg2 Nc6 5. Nge2 d6 6. d3 Rb8 7. Be3 e6 8. Qd2 Nd4 9. O-O b5 10. f4 Ne7 11. Nd1 O-O 12. c3 Nxe2+ 13. Qxe2 Ba6 14. Qd2 Qc7 15. g4 f5 16. Nf2 Bb7 17.
d4 c4 18. g5 fxe4 19. Nxe4 Nf5 20. Rae1 Bd5 21. Qe2 Qc6 22. Ng3 Nxe3 23. Bxd5 Nxd5 24. Qxe6+ Kh8 25. f5 Rbe8 0-1

[Event "Early-Titled-Tuesday-Blitz-February-13-2024"]
[Site "Chess.com"]
[Date "2024.02.13"]
[Round "11"]
[White "regenda"]
[Black "UnTucopalaTimba"]
[Result "1-0"]
[WhiteElo "2183"]
[BlackElo "1995"]
[TimeControl "180+1"]
[EndTime "10:06:02 PST"]
[Termination "regenda won by resignation"]

1. Nf3 d5 2. c4 c6 3. e3 Nf6 4. Nc3 e6 5. g3 dxc4 6. Bg2 Be7 7. O-O O-O 8. a4 a5 9. Ne5 Nd5 10. Nxc4 Bf6 11. e4 Nxc3 12. dxc3 Qc7 13. Be3 b5 14. axb5 cxb5 15. e5 Ra6 16. exf6 Qxc4 17. fxg7 Kxg7 18. Bd4+ f6 19. Qg4+ Kh8 20. Qh5 Qd5 21. Bxd5 1-0

[Event "Early-Titled-Tuesday-Blitz-February-13-2024"]
[Site "Chess.com"]
[Date "2024.02.13"]
[Round "11"]
[White "MarcoRiehle"]
[Black "krasavetc"]
[Result "0-1"]
[WhiteElo "2855"]
[BlackElo "2663"]
[TimeControl "180+1"]
[EndTime "10:06:09 PST"]
[Termination "krasavetc won by resignation"]

1. e4 c5 2. a3 g6 3. h4 h6 4. h5 g5 5. Nc3 Bg7 6. Bc4 d6 7. d3 Nc6 8. f4 gxf4 9. Bxf4 Nf6 10.
Qd2 a6 11. O-O-O b5 12. Ba2 b4 13. axb4 cxb4 14. Nd5 Qa5 15. Kb1 Be6 16. Nf3 Nxd5 17. exd5 Bxd5 18. Bxd5 Qxd5 19. Rde1 a5 20. Re4 a4 21.
Rc4 a3 22. bxa3 Rxa3 23. c3 Bxc3 24. Qe2 Ra1+ 25. Kc2 Ra2+ 26. Kd1 Rxe2 27. Kxe2 Kd7 0-1

[Event "Early-Titled-Tuesday-Blitz-February-13-2024"]
[Site "Chess.com"]
[Date "2024.02.13"]
[Round "11"]
[White "C_K_G"]
[Black "rikchessmx"]
[Result "1-0"]
[WhiteElo "2130"]
[BlackElo "2295"]
[TimeControl "180+1"]
[EndTime "10:06:16 PST"]
[Termination "C_K_G won by checkmate"]

1. e4 c5 2. Nf3 e6 3. d4 cxd4 4. Nxd4 a6 5. Nc3 Qc7 6. Bd3 b5 7. O-O Bb7 8. Qe2 d6 9. Kh1 Nf6 10. f4 b4 11. e5 Nfd7 12. exd6 Bxd6 13. Ne4 Be7 14. Ng5 Nf6 15. Nxf7 Kxf7 16. Qxe6+ Kf8 17.
Bc4 Bc5 18. Nb3 Ba7 19. Rd1 Bc8 20. Rd8+ Ne8 21. Qxe8# 1-0

[Event "Early-Titled-Tuesday-Blitz-February-13-2024"]
[Site "Chess.com"]
[Date "2024.02.13"]
[Round "11"]
[White "PolandHussars"]
[Black "inagreV"]
[Result "1-0"]
[WhiteElo "2611"]
[BlackElo "2377"]
[TimeControl "180+1"]
[EndTime "10:06:36 PST"]
[Termination "PolandHussars won by resignation"]

1. e4 c5 2. Ne2 Nc6 3. g3 g6 4.
Bg2 Bg7 5. c3 Nf6 6. d4 cxd4 7.
cxd4 d5 8. e5 Ne4 9. f3 Qa5+ 10. Kf1 O-O 11. fxe4 dxe4 12. Bxe4 Bg4 13. Nbc3 Rad8 14. h3 Bxe2+ 15. Nxe2 Nxe5 16. Qe1 Qa4 17. b3 Qb5 18. Bb2 Nd3 19. Bxd3 Qxd3 20. Rh2 Bh6 21. Rd1 Qf5+ 22. Qf2 Qc2 23. Nc3 1-0

[Event "Early-Titled-Tuesday-Blitz-February-13-2024"]
[Site "Chess.com"]
[Date "2024.02.13"]
[Round "11"]
[White "Hanging_pointer"]
[Black "FGHSMN"]
[Result "0-1"]
[WhiteElo "2667"]
[BlackElo "2979"]
[TimeControl "180+1"]
[EndTime "10:06:47 PST"]
[Termination "FGHSMN won by checkmate"]

1. d4 Nf6 2. c4 e6 3. Nf3 Bb4+ 4. Bd2 c5 5. e3 O-O 6. Be2 b6 7. O-O Bb7 8. a3 Bxd2 9. Qxd2 Ne4 10.
Qc2 Qe7 11. Nc3 f5 12. Rac1 d6 13. Rfd1 Nd7 14. Nxe4 fxe4 15. Nd2 Qf6 16. f4 Qg6 17. Nb3 cxd4 18. Rxd4 e5 19. fxe5 Nxe5 20. Qd2 Nf3+ 21. Bxf3 exf3 22. g3 f2+ 23. Kf1 Qh5 24. Rh4 Qf3 25.
Rf4 Qg2+ 26. Ke2 f1=Q# 0-1

[Event "Early-Titled-Tuesday-Blitz-February-13-2024"]
[Site "Chess.com"]
[Date "2024.02.13"]
[Round "11"]
[White "VladimirKramnik"]
[Black "ProfessorChess101"]
[Result "1-0"]
[WhiteElo "2933"]
[BlackElo "2796"]
[TimeControl "180+1"]
[EndTime "10:06:48 PST"]
[Termination "VladimirKramnik won by resignation"]

1. e4 c5 2. Nf3 e6 3. d4 cxd4 4. Nxd4 Nc6 5. Nc3 Nf6 6. a3 d5 7. Bb5 Bd7 8. exd5 Nxd4 9. Bxd7+ Qxd7 10. Qxd4 Nxd5 11. Nxd5 Qxd5 12. Qxd5 exd5 13. Be3 Kd7 14. O-O-O Kc6 15. Rd3 Be7 16. Rhd1 Rhd8 17. Rc3+ Kd6 18. Bf4+ Ke6 19. Re1+ Kf6 20. Rf3 Rd7 21. Bd6+ Kg6 22. Bxe7 Re8 23. Rg3+ Kf5 24. Rg5+ Kf4 25. Rge5 f6 26.
Bxf6 1-0

[Event "Early-Titled-Tuesday-Blitz-February-13-2024"]
[Site "Chess.com"]
[Date "2024.02.13"]
[Round "11"]
[White "KaterynaLagno"]
[Black "temiksmozg"]
[Result "0-1"]
[WhiteElo "2791"]
[BlackElo "2649"]
[TimeControl "180+1"]
[EndTime "10:07:00 PST"]
[Termination "temiksmozg won by resignation"]

1. e4 c5 2. Nf3 Nc6 3. Nc3 g6 4. Bb5 Bg7 5. d3 d6 6. e5 Nh6 7. exd6 exd6 8. Qe2+ Be6 9. Ng5 O-O 10. Nxe6 fxe6 11.
Bxc6 bxc6 12. Qxe6+ Kh8 13. O-O Nf5 14. Ne4 Re8 15. Qf7 Re7 16. Qb3 Nd4 17. Qa4 Re5 18. Ng3 Qh4 19. c3 Nf3+ 0-1

[Event "Early-Titled-Tuesday-Blitz-February-13-2024"]
[Site "Chess.com"]
[Date "2024.02.13"]
[Round "11"]
[White "esrosenberg"]
[Black "winniethepooh04"]
[Result "0-1"]
[WhiteElo "2426"]
[BlackElo "2531"]
[TimeControl "180+1"]
[EndTime "10:07:04 PST"]
[Termination "winniethepooh04 won by resignation"]

1. d4 e6 2. Nf3 d5 3. g3 Nf6 4. Bg2 Be7 5. O-O O-O 6. c4 c6 7.
Qd3 b6 8. Nc3 Bb7 9. e4 Na6 10.
a3 c5 11. e5 Ne4 12. cxd5 Nxc3 13. bxc3 Qxd5 14. Nh4 Qd7 15. Bxb7 Qxb7 16. Ng2 cxd4 17.
cxd4 Nc7 18. Be3 Nd5 19. Rac1 Rfc8 20. a4 Rxc1 21. Rxc1 Rc8 22. Nf4 Nxf4 23. Bxf4 Rxc1+ 24. Bxc1 Qc6 25. Qd1 Bb4 26. Be3 h6 27. Qb3 a5 28.
h4 b5 29. axb5 Qxb5 30. Bd2 Qb6 31. Bxb4 axb4 32. Qb2 b3 33. Kf1 Qa6+ 34. Ke1 Qa2 0-1

[Event "Early-Titled-Tuesday-Blitz-February-13-2024"]
[Site "Chess.com"]
[Date "2024.02.13"]
[Round "11"]
[White "vi_pranav"]
[Black "Zavgorodniy_Sergiy"]
[Result "1-0"]
[WhiteElo "3037"]
[BlackElo "2672"]
[TimeControl "180+1"]
[EndTime "10:07:22 PST"]
[Termination "vi_pranav won by checkmate"]

1. e4 c6 2. d4 d5 3. e5 Bf5 4.
Nf3 e6 5. Be2 Nd7 6. O-O a6 7.
c3 h6 8. Nbd2 c5 9. Re1 Rc8 10.
Nf1 Ne7 11. Ng3 Bh7 12. dxc5 Nxc5 13. Be3 Nc6 14. Nh5 Bg6 15. Nxg7+ Bxg7 16. Bxc5 Nxe5 17.
Nxe5 Bxe5 18. Ba3 Bd6 19. Bh5 Bxh5 20. Qxh5 Bxa3 21. bxa3 Qd6 22. Rad1 Ke7 23. Rxd5 Qxa3 24. Qh4+ Ke8 25. Qf6 Rg8 26. Rxe6+ fxe6 27. Qxe6+ Kf8 28. Rf5+ Kg7 29. Rf7+ Kh8 30. Qxh6# 1-0

[Event "Early-Titled-Tuesday-Blitz-February-13-2024"]
[Site "Chess.com"]
[Date "2024.02.13"]
[Round "11"]
[White "Roedor"]
[Black "ChEsper99"]
[Result "1-0"]
[WhiteElo "2299"]
[BlackElo "2214"]
[TimeControl "180+1"]
[EndTime "10:07:26 PST"]
[Termination "Roedor won by resignation"]

1. c4 c5 2. g3 g6 3. Bg2 Bg7 4.
Nc3 Nc6 5. Nf3 Nf6 6. d4 cxd4 7. Nxd4 O-O 8. O-O e6 9. c5 d5 10. cxd6 Qxd6 11. Nxc6 Qxd1 12. Ne7+ Kh8 13. Rxd1 Bd7 14. Bf4 Rae8 15. Bd6 Rd8 16. Nxg6+ hxg6 17. Bxf8 Rxf8 18.
Bxb7 Rb8 19. Bf3 Rxb2 20. Rab1 Rxb1 21. Rxb1 Bf8 22. Ne4 Nd5 23. Rb7 Bc6 24. Rxf7 Bb4 25. Rxa7 Bb5 26. a4 Bc4 27. h4 1-0

[Event "Early-Titled-Tuesday-Blitz-February-13-2024"]
[Site "Chess.com"]
[Date "2024.02.13"]
[Round "11"]
[White "Witik"]
[Black "JEIGOTH"]
[Result "1-0"]
[WhiteElo "2655"]
[BlackElo "2306"]
[TimeControl "180+1"]
[EndTime "10:07:41 PST"]
[Termination "Witik won by checkmate"]

1. b4 e5 2. Bb2 d6 3. c4 Nd7 4. g3 Ngf6 5. Bg2 c6 6. Nf3 Be7 7.
O-O O-O 8. Nc3 a5 9. b5 Nc5 10. bxc6 bxc6 11. d4 Nce4 12. dxe5 dxe5 13. Nxe5 Nxc3 14.
Bxc3 Qc7 15. Nxc6 Ra6 16. Be5 Rxc6 17. Bxc7 Rxc7 18. Qd4 Bc5 19. Qe5 Bb6 20. Rab1 Nd7 21. Qd6 Rxc4 22. Rxb6 Nxb6 23. Qxb6 a4 24. h4 Be6 25. Rd1 Rc2 26. Rd8 Rc8 27. Rxf8+ Kxf8 28. Bd5 Rc1+ 29. Kh2 Bxd5 30. Qd8# 1-0

[Event "Early-Titled-Tuesday-Blitz-February-13-2024"]
[Site "Chess.com"]
[Date "2024.02.13"]
[Round "11"]
[White "Arystanner"]
[Black "giomar27"]
[Result "1-0"]
[WhiteElo "2774"]
[BlackElo "2473"]
[TimeControl "180+1"]
[EndTime "10:07:45 PST"]
[Termination "Arystanner won by resignation"]

1. e4 g6 2. h4 h6 3. d4 a6 4. Nc3 d6 5. Be3 b5 6. Qd2 Nd7 7. f3 Bg7 8. Nh3 e6 9. O-O-O Ne7 10.
Kb1 Bb7 11. g4 Nb6 12. Bd3 Qd7 13. h5 g5 14. Ne2 O-O-O 15. f4 gxf4 16. Bxf4 Nc4 17.
Bxc4 bxc4 18. Nf2 Kb8 19. g5 hxg5 20. Bxg5 f6 21. Be3 Rhg8 22. h6 Bh8 23. Rdg1 f5 24.
h7 Rxg1+ 25. Rxg1 fxe4 26. Bg5 Re8 27. Bxe7 Qxe7 28. Rg8 Rc8 29. Qh6 Qf7 30. Rxc8+ Bxc8 31. Nxe4 Qf1+ 32. Nc1 Qd1 33. c3 Qd3+ 34. Nxd3 1-0

[Event "Early-Titled-Tuesday-Blitz-February-13-2024"]
[Site "Chess.com"]
[Date "2024.02.13"]
[Round "11"]
[White "Chesstiger64"]
[Black "Attacker_2006"]
[Result "0-1"]
[WhiteElo "2329"]
[BlackElo "2481"]
[TimeControl "180+1"]
[EndTime "10:07:47 PST"]
[Termination "Attacker_2006 won by resignation"]

1. d4 e6 2. Nf3 Nf6 3. Nbd2 b6 4. e4 Bb7 5. Bd3 d5 6. e5 Nfd7 7. O-O c5 8. c3 Nc6 9. a3 a5 10. Qe2 g5 11. h3 h5 12. Nh2 cxd4 13. f4 dxc3 14. bxc3 gxf4 15. Ndf3 Bc5+ 16. Kh1 d4 17. c4 Rg8 18. Bxf4 Qc7 19. Ng5 Ncxe5 20. Qxh5 O-O-O 21. Be4 f6 22. Bxb7+ Qxb7 23. Ngf3 d3 24.
Rad1 Qe4 25. Bxe5 Nxe5 26. Qf7 Nxf7 0-1

[Event "Early-Titled-Tuesday-Blitz-February-13-2024"]
[Site "Chess.com"]
[Date "2024.02.13"]
[Round "11"]
[White "rcmz"]
[Black "SimonKnightRivendell"]
[Result "1-0"]
[WhiteElo "2174"]
[BlackElo "2066"]
[TimeControl "180+1"]
[EndTime "10:07:47 PST"]
[Termination "rcmz won by resignation"]

1. b4 e5 2. Bb2 Bxb4 3. Bxe5 Nf6 4. c4 O-O 5. Nf3 Nc6 6. Bb2 d5 7. cxd5 Nxd5 8. e3 Bg4 9. Be2 Qd7 10. O-O Rad8 11.
a3 Ba5 12. d4 Rfe8 13. Qb3 Bb6 14. Bb5 a6 15. Bxc6 Qxc6 16. Nbd2 h5 17. h3 Be6 18. Rac1 Qd7 19. Ne5 Qe7 20. Qd1 Qg5 21. Ne4 Qh4 22.
Qf3 f6 23. Ng6 Bg4 24. Nxh4 Bxf3 25. gxf3 Kf7 26. Nc5 g5 27. Ng2 Rg8 28. e4 Nf4 29. Nxf4 gxf4+ 30. Kh2 1-0

[Event "Early-Titled-Tuesday-Blitz-February-13-2024"]
[Site "Chess.com"]
[Date "2024.02.13"]
[Round "11"]
[White "maxip32"]
[Black "Actuary44"]
[Result "0-1"]
[WhiteElo "2655"]
[BlackElo "2526"]
[TimeControl "180+1"]
[EndTime "10:07:53 PST"]
[Termination "Actuary44 won by resignation"]

1. e4 b6 2. d4 Bb7 3. Bd3 e6 4. Qe2 Nf6 5. c3 d5 6. e5 Nfd7 7. f4 c5 8. Nf3 Nc6 9. a3 Qc7 10. O-O h6 11. b4 c4 12. Bc2 O-O-O 13. f5 exf5 14. Bxf5 Kb8 15. Bf4 Nf6 16. Nbd2 Nh5 17. Be3 g6 18. Bc2 f5 19. exf6 Nxf6 20. Ne5 Nxe5 21.
dxe5 Ne4 22. Bxe4 dxe4 23. Bd4 Bg7 24. e6 Rxd4 25. cxd4 Bxd4+ 26. Kh1 Bxa1 27. Rxa1 Qe5 28. Rc1 c3 29. Nf3 Qf4 30. Rxc3 exf3 31. gxf3 Re8 32.
e7 Qf6 33. Re3 Rxe7 34. Kg2 Qg5+ 0-1

[Event "Early-Titled-Tuesday-Blitz-February-13-2024"]
[Site "Chess.com"]
[Date "2024.02.13"]
[Round "11"]
[White "Zq1"]
[Black "manitodeplomo"]
[Result "1-0"]
[WhiteElo "2515"]
[BlackElo "2638"]
[TimeControl "180+1"]
[EndTime "10:07:54 PST"]
[Termination "Zq1 won by resignation"]

1. d4 Nf6 2. c4 e6 3. Nf3 b6 4. g3 Bb7 5. Bg2 d5 6. cxd5 Nxd5 7. O-O Be7 8. Nc3 Nxc3 9. bxc3 O-O 10. Qc2 Qc8 11.
Bg5 Bd6 12. e4 c5 13. e5 Bc7 14.
Be7 Re8 15. Ng5 g6 16. Bxb7 Qxb7 17. Bf6 Nd7 18. Ne4 Rac8 19. Qd2 Nxf6 20. exf6 Kh8 21. Qh6 1-0

[Event "Early-Titled-Tuesday-Blitz-February-13-2024"]
[Site "Chess.com"]
[Date "2024.02.13"]
[Round "11"]
[White "dosto07"]
[Black "SmirnovTimofey2000"]
[Result "1-0"]
[WhiteElo "2540"]
[BlackElo "1985"]
[TimeControl "180+1"]
[EndTime "10:07:56 PST"]
[Termination "dosto07 won by resignation"]

1. e4 e5 2. Nf3 Nf6 3. d4 Nxe4 4. Bd3 Nc6 5. Nxe5 d5 6. Nxc6 bxc6 7. O-O Be7 8. Nd2 Nxd2 9. Bxd2 O-O 10. Re1 Rb8 11. b3 Re8 12. Bf4 Bd6 13. Qh5 g6 14. Qg5 Bd7 15. Qg3 Bxf4 16. Qxf4 Be6 17. h4 h5 18. Re5 Bg4 19. Rae1 Rxe5 20. Rxe5 Qd7 21. f3 Be6 22. Qf6 Qd8 23. Qxd8+ Rxd8 24. Bxg6 fxg6 25. Rxe6 Kf7 26. Rxc6 Rd7 27. Ra6 c5 28. dxc5 Rc7 29. b4 d4 30. Kf2 Re7 31. c6 Ke8 32. b5 Kd8 33. Ra4 Kc7 34. Rxa7+ Kd6 35. Rxe7 Kxe7 1-0

[Event "Early-Titled-Tuesday-Blitz-February-13-2024"]
[Site "Chess.com"]
[Date "2024.02.13"]
[Round "11"]
[White "AlexTruskavetsky"]
[Black "Irishchessman16"]
[Result "1-0"]
[WhiteElo "2711"]
[BlackElo "2539"]
[TimeControl "180+1"]
[EndTime "10:07:58 PST"]
[Termination "AlexTruskavetsky won by resignation"]

1. d4 Nf6 2. c4 e6 3. Nc3 Bb4 4. e3 O-O 5. Bd3 Re8 6. e4 d5 7. e5 dxc4 8. Bxc4 Nd5 9. Ne2 c5 10. O-O Nc6 11. dxc5 Nxe5 12. Bxd5 exd5 13. Nxd5 Bxc5 14.
Nec3 Bg4 15. Qb3 Qh4 16. Bf4 Nf3+ 17. gxf3 Bxf3 18. Bg3 Qh3 19. Nf4 Qg4 20. Na4 Bd6 21. h3 Qd7 22. Qxf3 Qxa4 23. Rfd1 Rad8 24. Nd5 Bxg3 25.
Qxg3 Kh8 26. b3 Qe4 27. Ne3 Rc8 28. Rac1 Rc6 29. Rxc6 Qxc6 30. Rd6 Qc1+ 31. Kg2 h6 32. Nf5 Qa1 33. Rd4 Rg8 34. Rg4 Qf6 35. Ne3 Qc6+ 36. Qf3 Qd6 37. Qxb7 Qe6 38. Qe4 h5 39. Qxe6 fxe6 40.
Rh4 1-0